 Dungeon Crawl Stone Soup version 0.26.1-2-gb8aa6d0cf2 (webtiles) character file.

Game seed: 15419549528650887088

2127 pokeman the Thaumaturge (level 9, -7/48 HPs)
             Began as a Deep Elf Hedge Wizard on Feb 12, 2021.
             Was a Believer of Vehumet.
             Killed from afar by Maggie (12 damage)
             ... with a bolt of fire
             ... on level 7 of the Dungeon.
             The game lasted 00:25:35 (9628 turns).

pokeman the Thaumaturge (Deep Elf Hedge Wizard)     Turns: 9628, Time: 00:25:36

Health: -7/48      AC:  6    Str:  7    XL:     9   Next: 8%
Magic:  13/25      EV: 12    Int: 26    God:    Vehumet [**....]
Gold:   255        SH:  0    Dex: 14    Spells: 17/29 levels left

rFire    . . .     SeeInvis +   H - +2 short sword (venom)
rCold    . . .     Faith    +   (no shield)
rNeg     . . .     Spirit   .   o - +0 leather armour
rPois    .         Reflect  .   E - +1 helmet
rElec    .         Harm     .   (no cloak)
rCorr    .         Rampage  .   (no gloves)
Will     .....                  v - +0 pair of boots
Stlth    ++........             y - amulet of faith
HPRegen  0.16/turn              A - ring of Dibeis {+Blink Int+3 SInv}
MPRegen  0.19/turn              (no ring)

@: mesmerised
A: no striking features
a: Renounce Religion, Evoke Blink


You were on level 7 of the Dungeon.
You worshipped Vehumet.
Vehumet was pleased with you.
You visited 1 branch of the dungeon, and saw 7 of its levels.

You collected 255 gold pieces.

Inventory:

Hand Weapons
 H - a +2 short sword of venom (weapon)
Missiles
 i - 96 bolts
 m - 94 arrows
Armour
 o - a +0 leather armour (worn)
 v - a +0 pair of boots (worn)
 x - the +5 ring mail "Xuolec" {Slay+2, unknown}
   (You found it on level 4 of the Dungeon)

   It affects your accuracy and damage with ranged weapons and melee attacks
   (+2).
 C - a +0 buckler
 E - a +1 helmet (worn)
Jewellery
 a - an uncursed amulet of the acrobat
 y - an amulet of faith (around neck)
 A - the ring of Dibeis (left hand) {+Blink Int+3 SInv}
   (You took it off an orc on level 5 of the Dungeon)

   [ring of see invisible]

   It affects your intelligence (+3).
   It lets you see invisible.
   It lets you blink.
Wands
 t - a wand of flame (14)
 G - a wand of polymorph (11)
Scrolls
 e - 15 scrolls of identify {unknown}
 h - a scroll of teleportation {unknown}
 j - 3 scrolls of amnesia {unknown}
 k - 2 scrolls of fog {unknown}
 n - 3 scrolls of remove curse {unknown}
 p - 2 scrolls of magic mapping {unknown}
 r - a scroll of noise {unknown}
 s - a scroll of enchant weapon {unknown}
 B - a scroll of immolation {unknown}
 F - 2 scrolls of acquirement {unknown}
Potions
 b - 3 potions of ambrosia {unknown}
 c - 3 potions of heal wounds
 d - a potion of resistance {unknown}
 f - a potion of haste {unknown}
 g - 5 potions of curing {unknown}
 l - a potion of degeneration {unknown}
 q - 3 potions of mutation {unknown}
 w - a potion of cancellation {unknown}
 z - a potion of lignification {unknown}
 D - a potion of magic {unknown}


   Skills:
 - Level 2.1 Fighting
 - Level 2.0 Armour
 - Level 3.0 Dodging
 - Level 3.0 Stealth
 + Level 2.3 Shields
 * Level 10.6 Spellcasting
 + Level 5.9 Conjurations
 - Level 1.1 Summonings
 - Level 1.1 Translocations
 + Level 4.8 Fire Magic
 - Level 1.1 Air Magic
 - Level 1.0 Poison Magic
 - Level 1.1 Evocations


You had 17 spell levels left.
You knew the following spells:

 Your Spells              Type           Power        Failure   Level
a - Magic Dart            Conj           100%         1%          1
b - Mephitic Cloud        Conj/Pois/Air  27%          6%          3
c - Call Imp              Summ           19%          6%          2
d - Blink                 Tloc           N/A          6%          2
e - Conjure Flame         Conj/Fire      41%          1%          3
f - Shock                 Conj/Air       100%         1%          1

Your spell library contained the following spells:

 Spells                   Type           Power        Failure   Level
 Inner Flame              Hex/Fire       26%          7%          3
 Searing Ray              Conj           88%          1%          2
 Dazzling Flash           Conj/Hex       58%          5%          3
 Corona                   Hex            14%          6%          1
 Ensorcelled Hibernation  Hex/Ice        26%          10%         2
 Slow                     Hex            13%          10%         2
 Iskenderun's Mystic Bla  Conj/Tloc      32%          14%         4
 Confusing Touch          Hex            13%          19%         3
 Tukima's Dance           Hex            13%          19%         3
 Fulminant Prism          Conj/Hex       14%          19%         4


Dungeon Overview and Level Annotations

Branches:
Dungeon (7/15)             Temple (0/1) D:5

Altars:
Ashenzari
Kikubaaqudgha
Qazlal
Ru
Sif Muna
Vehumet
The Shining One

Shops:
D:6 [

Annotations:
D:7 Maggie


Message History

Aiming: Mephitic Cloud (dangerous; 6% risk of failure)
Press: ? - help, Shift-Dir - straight line, f - Maggie
Aim: Maggie, wielding a +2 long sword of freezing and wearing +0 steam dragon scales (mesmerising)
The ball explodes into a vile cloud!
The stinking cloud engulfs Maggie but does no damage.
You hear a shout! x2
Maggie is engulfed in noxious fumes.
Unknown command.
Unknown command.
Casting: Mephitic Cloud (dangerous; 6% risk of failure)
Confirm with . or Enter, or press ? or * to list all spells.
A beastly little devil appears in a puff of frigid air.
Maggie is engulfed in noxious fumes.
Unknown command.
Casting: Call Imp (safe; 6% risk of failure)
Confirm with . or Enter, or press ? or * to list all spells.
You blink.
Maggie is engulfed in blazing flames.
Maggie gestures at you while chanting. The bolt of fire hits you!
You die...

##..# #......#.
#...# #........
##<## #.......#
##...###......#
##......#......#
##[..##.......#
###...# ###....##
#.....### ##..##
#...@...# #@.#
#.........# #..#
...##.......###°°+
. ####..5.§@☼.##
#########.# .# ..
#...#####
+.......#


You could see Maggie (mesmerising) and a friendly white imp (summoned).

Vanquished Creatures
  A troll (D:6)
  The ghost of ew1980 the Digger, an amateur GrEE (D:4)
  Duvessa (D:4)
  An ice beast (D:6)
  2 ogres (D:6)
  The ghost of 0gre the Chiller, an amateur GnIE (D:3)
  A big kobold (D:5)
  A bullfrog (D:7)
  Blork the orc (D:4)
  Dowan (D:4)
  A wyvern skeleton (D:6)
  A scorpion (D:4)
  A jelly (D:6)
  A bullfrog zombie (D:5)
  A quasit (D:7)
  3 hounds
  6 orc wizards
  A centaur skeleton (D:6)
  An orc priest (D:5)
  A bullfrog skeleton (D:3)
  A gnoll shaman (D:4)
  Jessica (D:3)
  2 iguanas
  4 worker ants
  A hound zombie (D:7)
  A hound skeleton (D:3)
  8 gnolls
  7 adders
  An ufetubus (D:6)
  3 adder zombies
  An adder skeleton (D:3)
  3 worms
  A dart slug (D:3)
  3 leopard geckos
  20 orcs
  A ball python (D:1)
  11 bats
  3 giant cockroaches
  13 goblins
  9 hobgoblins
  3 jackals
  6 quokkas
  5 frilled lizards
  19 kobolds
  A leopard gecko skeleton (D:6)
  2 quokka skeletons
  4 rats
162 creatures vanquished.

Vanquished Creatures (collateral kills)
  An orc warrior (D:6)
  An ice beast (D:5)
  A worker ant (D:4)
  Robin (D:3)
  2 gnolls (D:3)
  An orc (D:6)
  A giant cockroach (D:5)
  2 goblins (D:3)
  4 jackals (D:4)
  A jackal zombie (D:3)
15 creatures vanquished.

Grand Total: 177 creatures vanquished

Notes
Turn   | Place    | Note
-------+----------+-------------------------------------------
     0 | D:1      | pokeman the Deep Elf Hedge Wizard began the quest for the
                  | Orb.
     0 | D:1      | Reached XP level 1. HP: 10/10 MP: 7/7
   376 | D:1      | Reached XP level 2. HP: 15/15 MP: 6/9
  1112 | D:2      | Reached skill level 5 in Spellcasting
  1245 | D:2      | Reached XP level 3. HP: 20/20 MP: 9/11
  1249 | D:2      | Learned a level 3 spell: Mephitic Cloud
  1252 | D:2      | Learned a level 2 spell: Call Imp
  1255 | D:2      | Learned a level 2 spell: Blink
  1259 | D:2      | Learned a level 3 spell: Conjure Flame
  1698 | D:2      | Found a stormy altar of Qazlal.
  1936 | D:2      | Reached skill level 1 in Fighting
  1936 | D:2      | Reached skill level 1 in Armour
  2826 | D:3      | Reached XP level 4. HP: 23/25 MP: 5/13
  3911 | D:3      | Noticed Jessica
  3916 | D:3      | Killed Jessica
  3917 | D:3      | Reached skill level 1 in Fire Magic
  3937 | D:3      | Reached skill level 6 in Spellcasting
  3937 | D:3      | Reached XP level 5. HP: 25/29 MP: 6/15
  3993 | D:3      | Noticed Robin
  4006 | D:3      | Killed Robin
  4297 | D:3      | Found an ancient bone altar of Kikubaaqudgha.
  4297 | D:3      | Found a shimmering blue altar of Sif Muna.
  4299 | D:3      | Found a radiant altar of Vehumet.
  4307 | D:3      | Became a worshipper of Vehumet
  4314 | D:3      | Identified Sif Muna's Reference Book on Beguiling
  4403 | D:3      | Found a runed translucent gate.
  4403 | D:3      | Found a runed translucent gate.
  4403 | D:3      | Found a runed translucent gate.
  4404 | D:3      | Noticed 0gre's ghost (amateur GnIE)
  4655 | D:3      | Killed 0gre's ghost
  4656 | D:3      | Reached skill level 1 in Air Magic
  4844 | D:4      | Reached XP level 6. HP: 29/34 MP: 14/17
  5245 | D:4      | Found a large runed translucent door.
  5246 | D:4      | Found a large runed translucent door.
  5312 | D:4      | Reached skill level 7 in Spellcasting
  5330 | D:4      | Reached skill level 1 in Poison Magic
  5363 | D:4      | Noticed Blork the orc
  5381 | D:4      | Killed Blork the orc
  5505 | D:4      | Reached XP level 7. HP: 34/39 MP: 6/20
  5514 | D:4      | Reached * piety under Vehumet
  5514 | D:4      | Offered knowledge of Sandblast by Vehumet.
  5899 | D:4      | Noticed Dowan
  5900 | D:4      | Noticed Duvessa
  5911 | D:4      | Killed Duvessa
  5912 | D:4      | Reached skill level 8 in Spellcasting
  5918 | D:4      | Killed Dowan
  6571 | D:4      | Noticed ew1980's ghost (amateur GrEE)
  6714 | D:4      | Killed ew1980's ghost
  6715 | D:4      | Reached skill level 1 in Evocations
  6881 | D:5      | Entered Level 5 of the Dungeon
  6918 | D:4      | Got a jewelled ring mail
  7121 | D:5      | Identified the ring of Dibeis {+Blink Int+3 SInv}
  7169 | D:5      | Identified the +1 robe of Gallantry {rElec rPois rN+ Int-3}
  7446 | D:5      | Reached XP level 8. HP: 41/44 MP: 16/22
  7578 | D:5      | Reached skill level 9 in Spellcasting
  7593 | D:5      | Found a staircase to the Ecumenical Temple.
  8004 | D:6      | Offered knowledge of Shock by Vehumet.
  8028 | D:5      | Reached ** piety under Vehumet
  8031 | D:5      | Learned a level 1 spell: Shock
  8192 | D:6      | Noticed a troll
  8238 | D:6      | Reached skill level 1 in Shields
  8238 | D:6      | Reached skill level 5 in Conjurations
  8402 | D:6      | Killed a troll
  8403 | D:6      | Reached skill level 10 in Spellcasting
  8436 | D:6      | Found Jonytu's Armour Boutique.
  8973 | D:6      | Found a faded altar of an unknown god.
  8973 | D:6      | Found a faded altar of an unknown god.
  8981 | D:6      | Found a broken altar of Ashenzari.
  8983 | D:6      | Found a glowing golden altar of the Shining One.
  8985 | D:6      | Found a sacrificial altar of Ru.
  9238 | D:6      | Reached XP level 9. HP: 48/48 MP: 22/25
  9352 | D:7      | Offered knowledge of Inner Flame by Vehumet.
  9606 | D:7      | Noticed Maggie
  9628 | D:7      | Killed from afar by Maggie

Illustrated notes

Levels and vault maps discovered:
D:1:      sevenhm_arrival_forest_fort_small_3, layout_loops_ring,
          minmay_misc_feat_diagonals
D:2:      layout_basic, nicolae_qazlal_general_emergency
D:3:      kb_forest_paths, layout_basic, grunt_temple_overflow_magic_moments,
          gammafunk_ghost_necromancy, uniq_robin, uniq_jessica
D:4:      layout_loops_ring, ebering_ghost_disaster_area, minmay_vboxes,
          uniq_blork_the_orc, uniq_duvessa
D:5:      cheibrodos_thug_alley, layout_basic, minmay_temple_entry_junction
D:6:      layout_basic, chequers_temple_overflow_minitemple, serial_shops, shop
D:7:      layout_cave_pods, grunt_temple_overflow_opulence, kennysheep_mini,
          kennysheep_cross_room, kennysheep_generic_room_9, uniq_maggie

Skill      XL: |  1  2  3  4  5  6  7  8 |
---------------+-------------------------+-----
Spellcasting   | 5 6 7 8 10 | 10.6
Fighting       | 1 2 |  2.1
Armour         | 1 2 |  2.0
Conjurations   | 2 3 4 5 |  5.9
Fire Magic     | 1 3 4 |  4.8
Dodging        | 3 |  3.0
Stealth        | 3 |  3.0
Air Magic      | 1 |  1.1
Poison Magic   | 1 |  1.0
Evocations     | 1 |  1.1
Shields        | 2 |  2.3
Summonings     | |  1.1
Translocations | |  1.1

Action                   |  1- 3 |  4- 6 |  7- 9 || total
-------------------------+-------+-------+-------++-------
Melee: Dagger            |    10 |    37 |     3 ||    50
       Scimitar          |       |       |    19 ||    19
       Short sword       |       |       |     8 ||     8
 Cast: Magic Dart        |   111 |   133 |    99 ||   343
       Mephitic Cloud    |     1 |     5 |    18 ||    24
       Conjure Flame     |       |    11 |    15 ||    26
       Call Imp          |       |    15 |    24 ||    39
       Shock             |       |       |    53 ||    53
       Blink             |       |       |     3 ||     3
Evoke: Wand              |       |       |     4 ||     4
  Use: Potion            |       |       |     2 ||     2
 Stab: Sleeping          |       |     1 |       ||     1
       Confused          |       |     3 |     2 ||     5
Armor: Robe              |     2 |     1 |       ||     3
       Leather armour    |       |    11 |    20 ||    31
Dodge: Dodged            |    17 |    53 |    39 ||   109
       Rpst.: Scimitar   |       |       |     5 ||     5
